 Dungeon Crawl Stone Soup version 0.27-a0-1548-gf8a67e7463 (webtiles) character file.

Game seed: 2390460928447566846

3387 tilp the Summoner (level 10, -2/76 HPs)
             Began as a Barachi Summoner on July 13, 2021.
             Was a Believer of Okawaru.
             Slain by a killer bee (7 damage)
             ... on level 7 of the Dungeon.
             The game lasted 00:20:23 (13248 turns).

tilp the Summoner (Barachi Summoner)               Turns: 13248, Time: 00:20:23

Health: -2/76      AC:  6    Str: 18    XL:     10   Next: 4%
Magic:  12/19      EV: 12    Int: 16    God:    Okawaru [**....]
Gold:   26         SH:  0    Dex: 13    Spells: 9/21 levels left

rFire    . . .     SeeInvis .   a - +0 falchion
rCold    . . .     Faith    .   (no shield)
rNeg     . . .     Spirit   .   m - +0 ring mail
rPois    .         Reflect  .   (no helmet)
rElec    .         Harm     .   (no cloak)
rCorr    .         Rampage  .   c - +0 pair of gloves
Will     .....                  (no boots)
Stlth    ++........             (no amulet)
HPRegen  0.22/turn              v - +6 ring of strength
MPRegen  0.16/turn              (no ring)

@: lethally poisoned (-2 -> -6), slow
A: amphibious, slowness 1, strong legs 1, +LOS
a: Hop, Renounce Religion, Heroism


You were on level 7 of the Dungeon.
You worshipped Okawaru.
Okawaru was pleased with you.
You visited 2 branches of the dungeon, and saw 8 of its levels.
You also visited: Ossuary.

You collected 170 gold pieces.
You spent 144 gold pieces at shops.

Inventory:

Hand Weapons
 a - a +0 falchion (weapon)
 d - a +0 flail
 f - a +0 trident
 h - a +1 dagger of speed
 j - a +0 war axe
 k - a +0 dagger of venom
 z - a +2 halberd of venom
Missiles
 b - 25 poisoned darts (quivered)
 q - 2 throwing nets
Armour
 c - a +0 pair of gloves (worn)
 m - a +0 ring mail (worn)
 o - the +1 robe of the Imp {Will- Regen+ Str+4}
   (You took it off a hobgoblin on level 4 of the Dungeon)

   Str:       It affects your strength (+4).
   Regen:     It increases your rate of health regeneration.
   Will:      It decreases your willpower.
Jewellery
 v - a +6 ring of strength (left hand)
Wands
 s - a wand of flame (13)
 y - a wand of iceblast (11)
Scrolls
 r - 4 scrolls of teleportation
 u - 4 scrolls of identify
 w - 2 scrolls of magic mapping
 x - a scroll of fog
Potions
 e - a potion of brilliance
 g - 2 potions of mutation
 l - 2 potions of heal wounds
 n - a potion of flight
 t - 3 potions of curing


   Skills:
 - Level 6.0 Fighting
 - Level 4.0 Dodging
 - Level 4.0 Stealth
 - Level 6.0 Spellcasting
 + Level 11.6 Summonings
 - Level 4.0 Air Magic
 - Level 4.0 Evocations


You had 9 spell levels left.
You knew the following spells:

 Your Spells              Type           Power      Damage    Failure   Level
b - Call Imp              Summ           42%        N/A       1%          2
c - Call Canine Familiar  Summ           42%        N/A       1%          3
d - Summon Guardian Gole  Hex/Summ       23%        N/A       7%          3
e - Summon Lightning Spi  Summ/Air       29%        N/A       10%         4

Your spell library contained the following spells:

 Spells                   Type           Power      Damage    Failure   Level
 Summon Small Mammal      Summ           100%       N/A       1%          1


Dungeon Overview and Level Annotations

Branches:
Dungeon (7/15)             Temple (1/1) D:5         Ossuary (visited)

Altars:
Ashenzari
Cheibriados
Dithmenos
Elyvilon
Fedhas
Gozag
Hepliaklqana
Kikubaaqudgha
Makhleb
Nemelex Xobeh
Okawaru
Qazlal
Ru
Sif Muna
Trog
Uskayaw
Vehumet
Wu Jian
Yredelemnul
Zin
The Shining One

Shops:
D:1 *

Annotations:
D:1 exclusion: gnoll
D:7 exclusion: killer bee


Innate Abilities, Weirdness & Mutations

You are amphibious.
You cover ground slowly.
You can hop short distances.
You have an extended range of vision and can be seen from far away.


Message History

The killer bee stings you but does no damage. x2
Your wolf barely misses the killer bee.
The killer bee stings you but does no damage. x2
Your wolf misses the killer bee.
The killer bee stings you but does no damage.
Unknown command.
You slash the killer bee!
You kill the killer bee!
Okawaru accepts your kill.
Your wolf bites the killer bee.
The killer bee stings you.
* * * LOW HITPOINT WARNING * * *
The killer bee stings you but does no damage.
Your wolf closely misses the killer bee.
The killer bee stings you but does no damage.
The killer bee stings you.
* * * LOW HITPOINT WARNING * * *
Unknown command.
You hit the killer bee.
The killer bee is moderately wounded.
The killer bee barely misses you.
Your wolf misses the killer bee.
The killer bee stings you but does no damage.
The killer bee stings you.
* * * LOW HITPOINT WARNING * * *
You are poisoned.
The killer bee poisons you!
Your wolf completely misses the killer bee.
The killer bee stings you.
* * * LOW HITPOINT WARNING * * *
The killer bee stings you but does no damage.
Your wolf misses the killer bee.
Your magical effects are unravelling.
You feel magically purged.
You feel less wooden.
Your +0 pair of gloves unmelds from your body.
Your +0 ring mail unmelds from your body.
The sentinel's mark upon you fades away.
You feel sick. The killer bee stings you.
* * * LOW HITPOINT WARNING * * *
The killer bee stings you!
You die...

# #.#########'##
#...........+ #
#............#
#..........## #
#............#
##'#'#####.# #
#............# #.#.#
# # #...(........#
#.#.# #
#.........#+## #.#.#
# ##..........#
#.#.# #
#...####.#######.#.#
#
#........#@yh..#.#.#
####
#....#####y###.#.#.#
...# ##+#.#
#..Z###.#.#.########
##.# #.#.#
#.#.(.#.#...........
<#.# #.#.#
#.#.#.#.####.#######
.#.# #.#.# #
#.#........# .#.#
#.#.# #.###.######
.#.# #.#.# #.#...#
(#.#####.#.# .(#.###


You could see 2 killer bees, a water moccasin skeleton and a friendly wolf
(summoned).

Vanquished Creatures
  A hornet zombie (D:6)
  An ogre (D:5)
  2 centaurs
  9 scorpions (Ossuary)
  A water moccasin skeleton (D:5)
  2 killer bees (D:7)
  A human zombie (Ossuary)
  A centaur zombie (Ossuary)
  A bullfrog zombie (D:6)
  A hound (D:4)
  An iguana (D:4)
  2 orc wizards (D:4)
  3 scorpion zombies (Ossuary)
  3 mummies
  2 gnolls
  An adder (D:4)
  2 ufetubi
  A worm (D:4)
  2 dart slugs
  9 orcs
  9 ball pythons
  A bat (D:2)
  5 endoplasms
  3 giant cockroaches
  9 goblins
  4 hobgoblins
  A jackal (D:3)
  2 quokkas
  A frilled lizard (D:1)
  A goblin zombie (Ossuary)
  A hobgoblin zombie (D:5)
  7 kobolds
  An orc zombie (D:5)
  A rat (D:3)
92 creatures vanquished.

Vanquished Creatures (collateral kills)
  A kobold demonologist (D:6)
  A wyvern (D:4)
  A water moccasin (D:7)
  2 sky beasts
  A necrophage (D:5)
  3 ogres
  A centaur (D:6)
  A phantom (D:4)
  A wyvern zombie (D:6)
  3 scorpions
  2 water moccasin zombies
  3 hounds
  3 centaur zombies (Ossuary)
  2 gnoll shamans
  2 orc priests (D:3)
  A jelly (D:6)
  An iguana (D:5)
  A hound skeleton (D:4)
  A mummy (Ossuary)
  A howler monkey zombie (D:5)
  7 gnolls
  2 adders (D:5)
  An adder skeleton (D:4)
  A worm (D:2)
  A dart slug (D:1)
  6 orcs
  2 endoplasms (D:2)
  2 gnoll zombies (Ossuary)
  A hobgoblin (D:1)
  2 kobolds
  A quokka (D:3)
  3 bats (D:1)
  A frilled lizard (D:1)
  A goblin (D:1)
  2 goblin zombies (Ossuary)
  2 kobold zombies (Ossuary)
  An orc zombie (Ossuary)
68 creatures vanquished.

Vanquished Creatures (others)
  Harold (D:7)
  Sigmund (D:6)
  Blork the orc (D:6)
3 creatures vanquished.

Grand Total: 163 creatures vanquished

Notes
Turn   | Place    | Note
-------+----------+-------------------------------------------
     0 | D:1      | tilp the Barachi Summoner began the quest for the Orb.
     0 | D:1      | Reached XP level 1. HP: 13/13 MP: 3/3
   361 | D:1      | Reached skill level 1 in Fighting
   649 | D:1      | Reached XP level 2. HP: 15/22 MP: 3/5
   671 | D:1      | Learned a level 2 spell: Call Imp
   877 | D:1      | Reached skill level 5 in Summonings
  1335 | D:1      | Found Cuphaxoq's Assorted Antiques.
  1695 | D:2      | Reached XP level 3. HP: 26/27 MP: 1/6
  2636 | D:1      | Bought a scroll labelled YDEEH UPEVEU for 25 gold pieces
  2636 | D:1      | Bought a scroll labelled YDEEH UPEVEU for 25 gold pieces
  2820 | D:2      | Learned a level 3 spell: Call Canine Familiar
  3375 | D:3      | Reached XP level 4. HP: 11/33 MP: 4/8
  3997 | D:3      | HP: 1/33 [orc priest (7)]
  4000 | D:3      | Reached skill level 6 in Summonings
  4078 | D:3      | HP: 1/34 [orc priest/divine providence (9)]
  4504 | D:3      | Found a faded altar of an unknown god.
  4730 | D:1      | Bought a scroll labelled KIOW IGEDDU for 25 gold pieces
  5166 | D:4      | Reached XP level 5. HP: 9/41 MP: 2/9
  5454 | D:4      | Identified the +1 robe of the Imp {Will- Regen+ Str+4}
  5454 | D:4      | Noticed a phantom
  5741 | D:4      | Reached XP level 6. HP: 41/48 MP: 6/10
  6049 | D:4      | Noticed a wyvern
  6192 | D:4      | Killed a wyvern
  6869 | D:1      | Bought a scroll labelled QILEYNESHRUAC for 25 gold pieces
  7062 | D:5      | Entered Level 5 of the Dungeon
  7068 | D:5      | Noticed a necrophage
  7081 | D:5      | Reached XP level 7. HP: 46/54 MP: 3/11
  7123 | D:5      | Found a sand-covered staircase.
  7202 | Ossuary  | Entered an ossuary
  7402 | Ossuary  | Reached skill level 7 in Summonings
  7890 | Ossuary  | Reached skill level 8 in Summonings
  7890 | Ossuary  | Reached skill level 1 in Evocations
  7890 | Ossuary  | Reached XP level 8. HP: 26/60 MP: 0/14
  8617 | Ossuary  | Reached skill level 5 in Fighting
  9035 | D:4      | Learned a level 3 spell: Summon Guardian Golem
  9040 | D:4      | Learned a level 4 spell: Summon Lightning Spire
  9150 | D:5      | Reached skill level 1 in Air Magic
  9344 | D:5      | Found a staircase to the Ecumenical Temple.
  9378 | Temple   | Entered the Ecumenical Temple
  9538 | Temple   | Became a worshipper of Warmaster Okawaru
 10335 | D:5      | Reached XP level 9. HP: 69/69 MP: 11/16
 10624 | D:1      | Bought a bubbling yellow potion for 22 gold pieces
 10624 | D:1      | Bought a metallic ruby potion for 22 gold pieces
 10971 | D:6      | Noticed a kobold demonologist
 10982 | D:6      | Killed a kobold demonologist
 10983 | D:6      | Reached skill level 5 in Spellcasting
 11022 | D:6      | Reached * piety under Okawaru
 11031 | D:6      | Reached skill level 9 in Summonings
 12284 | D:6      | Identified the +1 plate armour "Beliasaa" {rPois rN+ Will-
                  | rCorr}
 12401 | D:6      | Noticed Sigmund
 12645 | D:6      | Noticed Blork the orc
 12655 | D:6      | Killed Sigmund
 12655 | D:6      | Killed Blork the orc
 12991 | D:7      | Reached skill level 10 in Summonings
 13214 | D:7      | Noticed Harold
 13223 | D:7      | Killed Harold
 13223 | D:7      | Reached ** piety under Okawaru
 13224 | D:7      | Reached skill level 11 in Summonings
 13224 | D:7      | Reached XP level 10. HP: 29/76 MP: 13/19
 13248 | D:7      | Slain by a killer bee

Illustrated notes

Levels and vault maps discovered:
D:1:      minmay_arrival_three_doors, layout_basic, serial_shops,
          nicolae_shop_statue_plus
D:2:      layout_basic, minmay_cupped
D:3:      layout_loops_cross, shapermc_ecumenical_altar_flowoftime,
          minmay_misc_feat_doors, kennysheep_generic_room_5
D:4:      layout_loops_ring, minmay_checkerbox
D:5:      layout_cave_pools, minmay_temple_entry_ruins,
          nicolae_ossuary_entry_giza
D:6:      layout_basic, kb_rosetta, uniq_sigmund, uniq_blork_the_orc
D:7:      layout_basic, serial_shops, nicolae_diamond_shop, shop, shop,
          hangedman_decor_points, uniq_harold
Temple:   kilobyte_greek_temple

Skill      XL: |  1  2  3  4  5  6  7  8  9 |
---------------+----------------------------+-----
Fighting       | 1 2 3 4 6 |  6.0
Summonings     | 5 6 8 11 | 11.6
Spellcasting   | 3 4 6 |  6.0
Stealth        | 2 4 |  4.0
Dodging        | 3 4 |  4.0
Evocations     | 1 4 |  4.0
Air Magic      | 2 4 |  4.0

Action                   |  1- 3 |  4- 6 |  7- 9 | 10-12 || total
-------------------------+-------+-------+-------+-------++-------
Melee: Unarmed           |    30 |       |       |       ||    30
       Falchion          |    80 |   166 |   196 |    11 ||   453
Throw: Throwing net      |       |     1 |       |       ||     1
       Dart              |       |       |    32 |     5 ||    37
 Cast: Summon Small Mamm |    17 |       |       |       ||    17
       Call Imp          |    20 |    22 |    72 |       ||   114
       Call Canine Famil |     1 |     8 |    46 |     1 ||    56
       Summon Guardian G |       |       |     4 |       ||     4
Invok: Heroism           |       |       |     1 |     1 ||     2
 Abil: Hop               |     1 |     2 |     5 |       ||     8
  Use: Scroll            |     3 |     4 |     9 |       ||    16
       Potion            |       |       |       |     3 ||     3
 Stab: Sleeping          |     4 |       |     4 |       ||     8
       Distracted        |       |     1 |     6 |       ||     7
       Held in net/web   |       |     1 |       |       ||     1
Armor: Robe              |    34 |       |       |       ||    34
       Leather armour    |     2 |     7 |       |       ||     9
       Ring mail         |       |    70 |    95 |       ||   165
       Skin              |       |       |       |    34 ||    34
Dodge: Dodged            |   110 |   112 |   147 |     2 ||   371
       Rpst.: Falchion   |    24 |    39 |    26 |     1 ||    90

Table legend: (Time is in decaauts)
 A = Elapsed time spent in this place.
 B = Non-inter-level travel time spent in this place.
 C = Inter-level travel time spent in this place.
 D = Time resting spent in this place.
 E = Time spent auto-exploring this place.
 F = Levels seen in this place.
 G = Mean time per level.
                   A        B        C        D        E       F      G
               +--------+--------+--------+--------+--------+-----+--------+
         Total |  14548 |  12433 |   2115 |   4568 |   5654 |   9 | 1616.4 |
       Dungeon |  12441 |  10375 |   2066 |   3677 |   4881 |   7 | 1777.3 |
        Temple |    221 |    172 |     49 |      0 |    170 |   1 |  221.0 |
       Ossuary |   1885 |   1885 |      0 |    891 |    602 |   1 | 1885.0 |
               +--------+--------+--------+--------+--------+-----+--------+

Top non-repeatable levels by time:
     D:1: 2720 daAuts
     D:4: 2258 daAuts
     D:6: 2238 daAuts
     D:3: 1951 daAuts
 Ossuary: 1885 daAuts
     D:2: 1511 daAuts
     D:5: 1365 daAuts
     D:7: 395 daAuts
  Temple: 221 daAuts
